Description

ZvT build for early defense waiting till 10min+ build

Replay - 카탈리스트 - 래더 (27)

Build Order

Get SALT Encoding   

  12  0:03  Drone  
  13  0:11  Drone  
  14  0:18  Overlord  
  14  0:26  Extractor  
  14  0:27  Drone  
  15  0:36  Drone x2  
  17  0:53  Hatchery  
  17  0:56  Drone x2  
  18  1:10  Extractor  
  17  1:15  Spawning Pool  
  17  1:17  Drone  
  17  1:22  Drone  
  18  1:34  Drone  
  19  1:47  Overlord  
  19  2:04  Queen x2  
  19  2:06  Zergling x4  
  26  2:12  Metabolic Boost  
  28  2:24  Zergling x2  
  30  2:35  Spore Crawler  
  29  2:43  Queen x2  
  33  2:50  Overlord  
  36  3:07  Overlord  
  42  3:28  Hatchery  
  44  3:40  Zergling x4  
  46  3:44  Queen, Overlord  
  48  3:52  Zergling x4  
  52  4:03  Baneling Nest  
  54  4:18  Zergling x4  
  54  4:21  Lair  
  56  4:24  Extractor x2  
  61  4:35  Zergling x2  
  62  4:40  Queen  
  66  4:52  Evolution Chamber x2  
  68  5:00  Baneling x7  
  77  5:50  Queen  
  81  6:02  Queen  
  83  6:05  Zerg Melee Weapons Level 1, Zerg Ground Armor Level 1  
  83  6:08  Extractor x2  
  83  6:09  Hydralisk Den  
  80  6:17  Extractor  
  92  6:40  Grooved Spines  
  92  6:44  Spore Crawler x2  
  91  6:48  Hydralisk x2  
  94  6:59  Hydralisk x3  
  100  7:05  Infestation Pit  
  100  7:06  Hatchery  
  100  7:11  Hydralisk x5  
  119  7:31  Centrifical Hooks  
  120  7:39  Hatchery  
  128  7:57  Muscular Augments  
  137  8:13  Zerg Melee Weapons Level 2, Zerg Ground Armor Level 2  
  141  8:21  Baneling x3  
  120  9:20  Queen  
  124  9:26  Infestation Pit  
  139  9:56  Spore Crawler  
Spawning Tool Build Advisor. Get it on Overwolf

Go to:

Details

  • Created by: Jackdaswift
  • Published on: Apr 27, 2018
  • Modified on: Apr 27, 2018
  • Patch: 4.0.0
Show
View Real Time Build Order
Export as new Build Order

Comments (0)

There are no comments. Be the first!

Create an account to comment!